 Dungeon Crawl Stone Soup version 0.23.0-28-g6fe0f4d (webtiles) character file.

Game seed: 9124611262458302486

135 night the Insei (level 4, -3/32 HPs)
             Began as a Demonspawn Transmuter on Feb 25, 2019.
             Slain by Crazy Yiuf
             ... wielding a +3 quarterstaff of chaos
              (9 damage)
             ... on level 3 of the Dungeon.
             The game lasted 00:09:14 (3452 turns).

night the Insei (Demonspawn Transmuter)             Turns: 3452, Time: 00:09:16

Health: -3/32      AC:  8    Str: 12    XL:     4   Next: 96%
Magic:  7/7        EV: 10    Int: 14    God:
Gold:   94         SH:  0    Dex: 13    Spells: 4/7 levels left

rFire    . . .     SeeInvis .     - Unarmed
rCold    . . .     Gourm    .   (no shield)
rNeg     + . .     Faith    .   r - +0 ring mail
rPois    .         Spirit   .   (helmet restricted)
rElec    .         Reflect  .   (no cloak)
rCorr    .         Harm     .   o - +0 pair of gloves
MR       +....                  (boots currently unavailable)
Stlth    +.........             (no amulet)
HPRegen  0.10/turn              p - ring of positive energy
MPRegen  0.10/turn              q - ring of protection from magic

@: lethally poisoned (-3 -> -10), appendage (expiring)
A: antennae 1, talons 3, yellow scales 1, powered by pain 1
a: End Transformation


You were on level 3 of the Dungeon.
You were not hungry.
You had grown temporary talons.
You visited 1 branch of the dungeon, and saw 3 of its levels.

You collected 94 gold pieces.

Inventory:

Missiles
 a - 91 arrows
 m - 22 bolts
Armour
 b - a +0 robe
 i - a +0 leather armour
 o - a +0 pair of gloves (worn)
 r - a +0 ring mail (worn)
Jewellery
 p - a ring of positive energy (left hand)
 q - a ring of protection from magic (right hand)
Scrolls
 e - 6 scrolls of identify
 f - a scroll of random uselessness {unknown}
 g - a scroll of fog {unknown}
 h - a scroll of enchant weapon {unknown}
 n - a scroll of enchant armour {unknown}
 t - a scroll of remove curse
Potions
 c - a potion of berserk rage
 j - a potion of curing {unknown}
 k - a potion of degeneration {unknown}
 l - a potion of cancellation {unknown}
 s - a potion of agility {unknown}
Comestibles
 d - 6 rations


   Skills:
 - Level 1.0 Fighting
 - Level 1.7 Dodging
 + Level 5.2 Unarmed Combat
 - Level 2.0 Spellcasting
 - Level 1.7 Transmutations


You had 4 spell levels left.
You knew the following spells:

 Your Spells              Type           Power        Failure   Level  Hunger
a - Beastly Appendage     Tmut           #.....       26%         1    ##.....
b - Sticks to Snakes      Tmut           #.......     36%         2    ###....

Your spell library contained the following spells:

 Spells                   Type           Power        Failure   Level  Hunger
 Spider Form              Tmut/Pois      #.........   75%         3    ####...
 Ice Form                 Ice/Tmut       #.......     98%         4    #####..
 Blade Hands              Tmut           #.........   100%        5    ######.


Dungeon Overview and Level Annotations

Branches:
Dungeon (3/15)

Altars:
Ashenzari

Annotations:
D:3 Crazy Yiuf


Innate Abilities, Weirdness & Mutations

You have a pair of small antennae on your head.
You are partially covered in yellow scales. (AC +2)
You sometimes gain a little power by taking damage.
You have claws for feet.


Message History

You hit Crazy Yiuf.
Crazy Yiuf is heavily wounded.
Your transformation is almost over.
Crazy Yiuf hits you but does no damage.
You hit Crazy Yiuf.
Crazy Yiuf is heavily wounded.
Crazy Yiuf completely misses you.
You hit Crazy Yiuf but do no damage.
Crazy Yiuf is heavily wounded.
Crazy Yiuf whimpers, "Action rumpyflump tortoise!"
Crazy Yiuf hits you with a +3 quarterstaff of chaos.
* * * LOW HITPOINT WARNING * * *
You are lethally poisoned!
You hit Crazy Yiuf.
Crazy Yiuf is heavily wounded.
* * * LOW HITPOINT WARNING * * *
You feel sick.
Crazy Yiuf flaps his cloak.
Crazy Yiuf hits you with a +3 quarterstaff of chaos!
You die...

..###....## ...
##.###.##.... .##
#.).## #'# #..#
#.###.?. ..# ###.#
#.## ##.# #.# ####
#.## #.# ##g#
##.###.# #♣. ...#
#.## #.## #......#
#.. .#.####..# ##.#
##.##### #..
.........# ##.##
##.#### #♣.
#######..# ##.g.#
#.....# ####
..#...#..# #PP@P#
##.##.# #...
#.#.#.#..# #....#
#.##.#####..
#.#.#.#..# ##..###
#........##(
#.#.#.#..#
#.....######.###....
#.#.#.#..#
##...........# ####.
#.#.#.#.##
############# #.
#.#.#.#.# #.
#...#...# ##########
#. #######.#
#........# #.


You could see Crazy Yiuf.

Vanquished Creatures
  3 gnolls (D:3)
  3 adders (D:2)
  2 worms
  2 dart slugs (D:1)
  An orc (D:3)
  5 giant cockroaches
  13 goblins
  10 hobgoblins
  4 jackals (D:1)
  2 kobolds
  2 ball pythons
  7 bats
  4 frilled lizards
  6 rats
64 creatures vanquished.

Notes
Turn   | Place    | Note
-------+----------+-------------------------------------------
     0 | D:1      | night the Demonspawn Transmuter began the quest for the
                  | Orb.
     0 | D:1      | Reached XP level 1. HP: 15/15 MP: 3/3
    46 | D:1      | Reached skill level 3 in Unarmed Combat
   214 | D:1      | Gained mutation: You are partially covered in yellow
                  | scales. (AC +2) [demonic ancestry]
   214 | D:1      | Reached XP level 2. HP: 16/21 MP: 3/5
   571 | D:1      | Gained mutation: You sometimes gain a little power by
                  | taking damage. [demonic ancestry]
   571 | D:1      | Reached XP level 3. HP: 21/26 MP: 4/6
   788 | D:1      | Reached skill level 4 in Unarmed Combat
   975 | D:2      | Learned a level 2 spell: Sticks to Snakes
  1627 | D:2      | Lost mutation: You have a pair of horns on your head.
                  | [demonic ancestry]
  1627 | D:2      | Lost mutation: You have a pair of small horns on your head.
                  | [demonic ancestry]
  1627 | D:2      | Gained mutation: You have a pair of small antennae on your
                  | head. [demonic ancestry]
  1627 | D:2      | Reached XP level 4. HP: 32/32 MP: 5/7
  2622 | D:3      | Reached skill level 5 in Unarmed Combat
  2754 | D:3      | Found a shattered altar of Ashenzari.
  3430 | D:3      | Found a runed translucent door.
  3431 | D:3      | Noticed Crazy Yiuf
  3436 | D:3      | Paralysed by Crazy Yiuf for 3 turns
  3452 | D:3      | Slain by Crazy Yiuf

Skill      XL: |  1  2  3  4 |
---------------+-------------+-----
Unarmed Combat | 3 4 5 |  5.2
Fighting       | |  1.0
Dodging        | |  1.7
Spellcasting   | |  2.0
Transmutations | |  1.7

Action                   |  1- 3 |  4- 6 || total
-------------------------+-------+-------++-------
Melee: Unarmed           |   170 |    83 ||   253
       Kick              |     9 |     8 ||    17
       Headbutt          |     1 |       ||     1
       Punch             |       |     1 ||     1
 Cast: Beastly Appendage |    12 |    10 ||    22
       Sticks to Snakes  |       |     1 ||     1
  Use: Scroll            |       |     3 ||     3
  Eat: Chunk             |     3 |     6 ||     9
Armor: Robe              |    42 |       ||    42
       Leather armour    |     8 |    19 ||    27
       Ring mail         |       |     2 ||     2
Dodge: Dodged            |   117 |    42 ||   159
